AoeStats
← makkumme

MegaRandom

506727455Analyzed
3v3 RM · 18d ago on Sep 14, 2026· 47m 25s· 6 players
Game mode
Random Map
Map size
Normal (6 player)
Population
200
Speed
Normal
Resources
Standard
Victory
Conquest
Starting age
Dark Age
Ending age
Imperial Age
RankedLock teamsTeams togetherTeam positionsShared explorationLock speedFull tech treeHidden civsTurbo modeCheats
Victory
Defeat
🇵🇪 Bohemians · Peru
1357
+14
🇬🇧 Malay · United Kingdom
1332
+15
🇫🇮 Vietnamese · Finland
1294
+17
🇺🇾 Gurjaras · Uruguay
1320
-16
🇦🇷 Saracens · Argentina
1306
-15
🇦🇷 Cumans · Argentina
1298
-15
makkumme
5:05 Loom
11:22 Feudal Age
11:56 Double-Bit Axe
11:55 Horse Collar
17:39 Castle Age
19:07 Wheelbarrow
18:35 Heavy Plow
18:47 Bow Saw
24:41 Hand Cart
25:13 Fletching
26:23 Bodkin Arrow
26:36 Squires
26:44 Padded Archer Armor
26:53 Gold Mining
28:03 Leather Archer Armor
27:51 Stone Mining
28:35 Scale Barding Armor
29:07 Husbandry
28:41 Pikeman
29:51 Scale Mail Armor
30:02 Forging
29:59 Arson
34:35 Imperial Age
33:18 Ballistics
33:38 Stone Shaft Mining
35:39 Iron Casting
35:20 Chain Mail Armor
34:37 Capped Ram
35:50 Halberdier
40:02 Plate Mail Armor
39:33 Bracer
40:04 Ring Archer Armor
44:07 Two-Man Saw
45:42 Chain Barding Armor
45:53 Elite Rattan Archer
48:54 Chemistry
God Of The Sea People
6:34 Loom
13:59 Feudal Age
13:11 Man-at-Arms
13:50 Double-Bit Axe
18:34 Fletching
23:33 Wheelbarrow
22:46 Horse Collar
26:31 Castle Age
26:20 Bow Saw
26:17 Heavy Plow
26:18 Gold Mining
26:41 Scale Barding Armor
29:11 Gold Shaft Mining
30:07 Pikeman
31:31 Forging
31:26 Husbandry
33:35 Elite Skirmisher
36:24 Iron Casting
Keymster
10:53 Feudal Age
9:12 Loom
12:16 Double-Bit Axe
15:05 Castle Age
14:47 Horse Collar
22:17 Town Watch
24:29 Ballistics
26:05 Heavy Plow
27:32 Wheelbarrow
31:13 Imperial Age
30:06 Chemistry
28:47 Treadmill Crane
29:18 Masonry
28:57 Pikeman
29:37 Squires
29:30 Elite Skirmisher
30:14 Scale Mail Armor
30:24 Forging
30:04 Fletching
30:15 Padded Archer Armor
30:14 Murder Holes
30:44 Bow Saw
31:35 Chain Mail Armor
34:26 Two-Man Saw
33:29 Bodkin Arrow
33:49 Leather Archer Armor
34:10 Iron Casting
34:06 Imperial Skirmisher
34:46 Halberdier
36:32 Plate Mail Armor
36:02 Bracer
39:09 Houfnice
40:50 Blast Furnace
39:50 Bracer
40:20 Ring Archer Armor
Gordo Tetovich
6:55 Loom
9:53 Feudal Age
17:28 Fletching
21:57 Castle Age
30:00 Imperial Age
27:29 Double-Bit Axe
28:37 Padded Archer Armor
31:51 Chemistry
Nerfo
10:22 Loom
12:30 Feudal Age
17:43 Castle Age
18:02 Double-Bit Axe
18:01 Horse Collar
19:11 Bow Saw
24:24 Wheelbarrow
24:51 Heavy Plow
27:20 Hand Cart
26:51 Town Watch
27:57 Gold Mining
28:04 Stone Mining
30:13 Gold Shaft Mining
34:25 Imperial Age
32:18 Masonry
32:19 Fortified Wall
33:11 Scale Barding Armor
33:16 Forging
34:17 Chain Barding Armor
35:22 Iron Casting
34:39 Elite Mameluke
36:07 Conscription
36:26 Plate Barding Armor
37:03 Bloodlines
36:54 Husbandry
37:59 Chemistry
37:20 Ballistics
38:03 Blast Furnace
36:54 Fletching
41:55 Elite Skirmisher
42:56 Bodkin Arrow
43:01 Padded Archer Armor
43:46 Bracer
43:40 Light Cavalry
RENKENO/Kick.tv
5:51 Loom
12:08 Feudal Age
17:13 Castle Age
16:08 Horse Collar
16:15 Double-Bit Axe
24:22 Fervor
25:46 Sanctity
25:19 Town Watch
26:27 Bow Saw
27:06 Heavy Plow
28:01 Fletching
28:11 Padded Archer Armor
28:38 Bloodlines
28:38 Scale Barding Armor
30:23 Wheelbarrow
33:22 Imperial Age
31:22 Forging
31:57 Chain Barding Armor
32:38 Iron Casting
32:20 Steppe Husbandry
33:56 Elite Steppe Lancer
35:31 Plate Barding Armor
38:47 Blast Furnace
37:43 Bodkin Arrow
38:34 Light Cavalry
40:35 Crop Rotation
41:20 Two-Man Saw
41:42 Leather Archer Armor
42:08 Conscription
44:07 Parthian Tactics
44:28 Thumb Ring
45:40 Ring Archer Armor
44:54 Heavy Cavalry Archer
Connection lost

Rejoining the realm…

Still unreachable

The connection could not be restored.

Session expired

The server has moved on; the page needs a fresh start.